 Dungeon Crawl Stone Soup version 0.27-a0-29-g2d0a2396b0 (webtiles) character file.

Game seed: 18407654007459150928

487 shakesphere1979 the Magician (level 6, 0/32 HPs)
             Began as a Deep Elf Earth Elementalist on Jan 1, 2021.
             Slain by a gnoll
             ... wielding a +0 spear
              (3 damage)
             ... on level 3 of the Dungeon on Jan 4, 2021.
             The game lasted 00:35:54 (5223 turns).

shakesphere1979 the Magician (DEEE)                 Turns: 5223, Time: 00:35:55

Health: 0/32       AC:  3    Str:  5    XL:     6   Next: 89%
Magic:  15/15      EV: 15    Int: 22    God:
Gold:   106        SH:  0    Dex: 15    Spells: 12/15 levels left

rFire    . . .     SeeInvis .   a - +3 short sword
rCold    . . .     Faith    .   (no shield)
rNeg     . . .     Spirit   .   c - +0 robe
rPois    .         Reflect  .   (no helmet)
rElec    .         Harm     .   (no cloak)
rCorr    .         Rampage  .   (no gloves)
Will     .....                  e - +0 pair of boots
Stlth    +++.......             (no amulet)
HPRegen  0.10/turn              (no ring)
MPRegen  0.14/turn              (no ring)

@: no status effects
A: no striking features
a: no special abilities


You were on level 3 of the Dungeon.
You visited 1 branch of the dungeon, and saw 3 of its levels.
You also visited: Sewer.

You collected 106 gold pieces.

Inventory:

Hand Weapons
 a - a +3 short sword (weapon)
 b - a +1 hand crossbow of flaming
 s - a +0 arbalest
 v - a +0 hunting sling
Missiles
 f - 49 bolts
 p - 20 arrows
 A - 2 curare-tipped darts
 B - 5 poisoned darts
Armour
 c - a +0 robe (worn)
 e - a +0 pair of boots (worn)
Jewellery
 x - a +4 ring of protection {unknown}
Scrolls
 d - a scroll of remove curse
 h - a scroll of fear
 j - a scroll of amnesia {unknown}
 l - a scroll of magic mapping {unknown}
 n - a scroll of enchant armour {unknown}
 o - a scroll of identify
 t - a scroll of enchant weapon {unknown}
 u - a scroll of teleportation {unknown}
Potions
 g - a potion of berserk rage {unknown}
 i - a potion of haste {unknown}
 k - 3 potions of lignification {unknown}
 m - a potion of flight {unknown}
 q - 2 potions of might {unknown}
 z - a potion of curing


   Skills:
 + Level 4.7 Dodging
 + Level 4.9 Stealth
 + Level 5.2 Spellcasting
 - Level 3.0 Transmutations
 + Level 4.9 Earth Magic


You had 12 spell levels left.
You knew the following spells:

 Your Spells              Type           Power        Failure   Level
a - Sandblast             Erth           54%          1%          1
b - Passwall              Tmut/Erth      19%          3%          2

Your spell library contained the following spells:

 Spells                   Type           Power        Failure   Level
 Stone Arrow              Conj/Erth      32%          11%         3
 Petrify                  Tmut/Erth      23%          19%         4
 Lee's Rapid Deconstruct  Erth           13%          34%         5


Dungeon Overview and Level Annotations

Branches:
Dungeon (3/15)              Sewer (visited)

Altars:


Message History

You hit the gnoll.
The gnoll is severely wounded.
The gnoll hits you.
You hit the gnoll.
The gnoll is almost dead.
The gnoll hits you.
You hit the gnoll.
You kill the gnoll!
You barely miss the gnoll. The gnoll barely misses you.
You barely miss the gnoll.
The gnoll hits you from afar with a +0 spear!
The gnoll hits you with a +0 flail.
* * * LOW HITPOINT WARNING * * *
You hit the gnoll but do no damage.
The gnoll hits you from afar with a +0 spear.
* * * LOW HITPOINT WARNING * * *
The gnoll misses you.
You closely miss the gnoll.
The gnoll hits you from afar with a +0 spear.
You die...

#. #..##.# ##...##
#.##.###.#
##.....#
#........#
##.......
#.#g..####...>....
#........+........
#.#...####........
#g##.## ##.......
#g# ## ##.....#
#@# ##.รท.##
#.##### ##'##
#.....# #.#
#####.# #.# #.#
##.## #.# ##...##
#.# ###.....#
#.####........
#......###.###


You could see 2 gnolls.

Vanquished Creatures
  4 big kobolds (Sewer)
  3 gnolls
  4 adders
  2 river rats (Sewer)
  6 oozes
  4 worms (Sewer)
  2 dart slugs
  2 leopard geckos
  An orc (D:3)
  5 giant cockroaches
  11 goblins
  6 hobgoblins
  2 jackals (D:3)
  A quokka (D:3)
  2 ball pythons (Sewer)
  11 bats
  4 frilled lizards
  13 kobolds
  A leopard gecko skeleton (D:3)
  8 rats
92 creatures vanquished.

Notes
Turn   | Place    | Note
-------+----------+-------------------------------------------
     0 | D:1      | shakesphere1979 the Deep Elf Earth Elementalist began the
                  | quest for the Orb.
     0 | D:1      | Reached XP level 1. HP: 10/10 MP: 6/6
   231 | D:1      | Upgraded the game from 0.26-a0-1222-g14533b3512 to
                  | 0.27-a0-3-gcf006a40f5
   300 | D:1      | Reached XP level 2. HP: 8/15 MP: 8/8
   944 | D:1      | Reached XP level 3. HP: 19/19 MP: 7/9
  1874 | D:2      | Upgraded the game from 0.27-a0-3-gcf006a40f5 to
                  | 0.27-a0-13-g87abb2d9eb
  1874 | D:2      | Upgraded the game from 0.27-a0-13-g87abb2d9eb to
                  | 0.27-a0-29-g2d0a2396b0
  1892 | D:2      | Learned a level 2 spell: Passwall
  2382 | D:2      | Reached XP level 4. HP: 24/24 MP: 11/11
  2902 | D:3      | Found a glowing drain.
  2937 | Sewer    | Entered a sewer
  2989 | Sewer    | Reached skill level 4 in Spellcasting
  3298 | Sewer    | Noticed a big kobold
  3310 | Sewer    | Killed a big kobold
  3311 | Sewer    | Reached XP level 5. HP: 24/28 MP: 5/13
  3460 | Sewer    | Reached XP level 6. HP: 28/32 MP: 9/15
  3869 | Sewer    | Reached skill level 5 in Spellcasting
  5223 | D:3      | Slain by a gnoll

Illustrated notes

Levels and vault maps discovered:
D:1:      lemuel_arrival_cross, layout_basic
D:2:      layout_loops_ring, grunt_decor_fettered, minmay_misc_feat_doors
D:3:      layout_loops_corners, general_overflow_altar,
          cheibrodos_sewer_entry_sluice, patterned_corridor

Skill      XL: |  1  2  3  4  5  6 |
---------------+-------------------+-----
Stealth        | 3 4 |  4.9
Dodging        | 3 4 |  4.7
Transmutations | 2 3 |  3.0
Earth Magic    | 4 |  4.9
Spellcasting   | 4 5 |  5.2

Action                   |  1- 3 |  4- 6 || total
-------------------------+-------+-------++-------
Melee: Dagger            |   154 |    31 ||   185
       Short sword       |       |   156 ||   156
Throw: Dart              |       |     3 ||     3
 Cast: Sandblast         |    32 |    54 ||    86
  Use: Scroll            |       |     3 ||     3
       Potion            |       |     3 ||     3
 Stab: Sleeping          |     8 |     4 ||    12
Armor: Robe              |    45 |    29 ||    74
Dodge: Dodged            |   154 |   147 ||   301

Table legend: (Time is in decaauts)
 A = Elapsed time spent in this place.
 B = Non-inter-level travel time spent in this place.
 C = Inter-level travel time spent in this place.
 D = Time resting spent in this place.
 E = Time spent auto-exploring this place.
 F = Levels seen in this place.
 G = Mean time per level.
                   A        B        C        D        E       F      G
               +--------+--------+--------+--------+--------+-----+--------+
         Total |   5544 |   5462 |     82 |   2000 |   1693 |   4 | 1386.0 |
       Dungeon |   3402 |   3320 |     82 |   1132 |   1325 |   3 | 1134.0 |
         Sewer |   2141 |   2141 |      0 |    868 |    368 |   1 | 2141.0 |
               +--------+--------+--------+--------+--------+-----+--------+

Top non-repeatable levels by time:
   Sewer: 2141 daAuts
     D:2: 1447 daAuts
     D:1: 1341 daAuts
     D:3: 613 daAuts
